 Dungeon Crawl Stone Soup version 0.24-a0-408-gcc1054c7ca (webtiles) character file.

Game seed: 1687836913221969636

16 emperorscorpion the Skirmisher (level 2, -2/24 HPs)
             Began as a Demonspawn Chaos Knight on June 5, 2019.
             Was a Plaything of Xom.
             Slain by an orc wizard
             ... wielding a +0 dagger
              (3 damage)
             ... on level 3 of the Dungeon.
             The game lasted 00:01:24 (72 turns).

emperorscorpion the Skirmisher (DsCK)                 Turns: 72, Time: 00:01:25

Health: -2/24      AC:  5    Str: 12    XL:     2   Next: 41%
Magic:  2/2        EV: 11    Int: 13    God:    Xom [..*...]
Gold:   0          SH:  0    Dex: 12    Spells: 1/1 levels left

rFire    . . .     SeeInvis .   a - +0 hand axe (chaos)
rCold    . . .     Gourm    .   (no shield)
rNeg     . . .     Faith    .   b - +2 leather armour
rPois    .         Spirit   .   (no helmet)
rElec    .         Reflect  .   (no cloak)
rCorr    .         Harm     .   (no gloves)
MR       .....                  (no boots)
Stlth    +.........             (no amulet)
HPRegen  0.08/turn              (no ring)
MPRegen  0.08/turn              (no ring)

@: confused
A: talons 1
a: Renounce Religion


You were on level 3 of the Dungeon.
You worshipped Xom.
You were a toy of Xom.
You were not hungry.

You visited 1 branch of the dungeon, and saw 4 of its levels.

Inventory:

Hand Weapons
 a - a +0 hand axe of chaos (weapon)
Armour
 b - a +2 leather armour (worn)
Scrolls
 d - a scroll of identify
 e - 3 scrolls of remove curse {unknown}
Comestibles
 c - a ration
 f - 5 chunks of flesh


   Skills:
 + Level 3.4 Fighting
 + Level 3.0 Axes
 + Level 1.8 Armour
 + Level 0.8 Dodging


You had one spell level left.
You didn't know any spells.
Your spell library was empty.

Dungeon Overview and Level Annotations

Branches:
Dungeon (4/15)
 Temple: D:4-7

Altars:


Innate Abilities, Weirdness & Mutations

You have sharp toenails.


Message History

You hit the orc wizard.
The orc wizard is poisoned.
The orc wizard is lightly wounded.
You miss the orc wizard.
You almost hear Xom's maniacal laughter.
You do an impromptu tapdance.
The orc wizard hits you with a +0 dagger.
* * * LOW HITPOINT WARNING * * *
The orc wizard casts a spell at you. The puff of flame hits you.
* * * LOW HITPOINT WARNING * * *
Unknown command.
You aren't carrying any potions.
You closely miss the orc wizard. Your kick misses the orc wizard.
The orc wizard is lightly wounded.
You miss the orc wizard.
The orc wizard hits you with a +0 dagger.
* * * LOW HITPOINT WARNING * * *
The orc wizard hits you with a +0 dagger.
You die...
Xom laughs nastily!

#. #.#.# #. #.#.#
#.. #.#.# .##..##
#.#.#
.......###...####
.##..#.....#.....
....<........#######
#....<...o........
#.#######.@######
#.o# #######..####
............#
>######.###.# #.# #
#.# #.# #.#


You could see 2 orc wizards.

Vanquished Creatures
  An adder (D:2)
  A ball python (D:2)
  A giant cockroach (D:2)
  A goblin (D:2)
  A hobgoblin (D:3)
  A quokka (D:2)
6 creatures vanquished.

Notes
Turn   | Place    | Note
-------+----------+-------------------------------------------
     0 | D:1      | emperorscorpion the Demonspawn Chaos Knight began the quest
                  | for the Orb.
     0 | D:1      | Reached XP level 1. HP: 18/18 MP: 1/1
    34 | D:2      | Gained mutation: You have sharp toenails. [demonic
                  | ancestry]
    34 | D:2      | Reached XP level 2. HP: 18/24 MP: 2/2
    66 | D:4      | XOM: harmless Conj miscast
    71 | D:3      | XOM: silly message
    71 | D:3      | HP: 1/24 [orc wizard/puff of flame (4)]
    72 | D:3      | Slain by an orc wizard

Levels and vault maps discovered:
D:1:      minmay_arrival_open_corners, layout_basic, grunt_decor_cap
D:2:      layout_basic, grunt_qazlal_clouds, evilmike_ruin_ashenzari,
          fedhas_altar_3
D:3:      layout_loops_ring, nicolae_overflow_crystal_walls,
          gammafunk_ghost_split, grunt_dithmenos_smoke
D:4:      layout_loops_ring, makhleb_grotto_becter, marbit_many_paths,
          uniq_edmund

Skill      XL: |  1 |
---------------+----+-----
Axes           | 3 |  3.0
Fighting       | |  3.4
Armour         | |  1.8
Dodging        | |  0.8

Action                   || total
-------------------------++-------
Melee: Hand axe          ||    18
       Kick              ||     1
  Use: Scroll            ||     1
Armor: Leather armour    ||    10
Dodge: Dodged            ||    11

Table legend:
 A = Non-vault XP
 B = Vault XP
 C = Vault XP percentage of total XP
 D = Non-vault monster count
 E = Vault monster count
 F = Vault count percentage of total count
                 A         B        C        D         E       F
            +---------+---------+-------+---------+---------+-------
      Total |      24 |       0 |   0.0 |       6 |       0 |   0.0
            +---------+---------+-------+---------+---------+-------
        D:2 |      22 |       0 |   0.0 |       5 |       0 |   0.0
        D:3 |       2 |       0 |   0.0 |       1 |       0 |   0.0
            +---------+---------+-------+---------+---------+-------
